 Dungeon Crawl Stone Soup version 0.28.0-43-g3370ac3207 (webtiles) character file.

Game seed: 1014887385460609637

43885 pkoi the Destroyer (level 13, -1/107 HPs)
             Began as a Purple Draconian Conjurer on Mar 15, 2022.
             Was a High Priest of Sif Muna.
             Shot with an arrow by Nessos (20 damage)
             ... on level 5 of the Lair of Beasts on Mar 16, 2022.
             The game lasted 00:47:54 (31748 turns).

pkoi the Destroyer (Purple Draconian Conjurer)     Turns: 31748, Time: 00:47:54

Health: -1/107     AC: 13    Str: 11    XL:     13   Next: 93%
Magic:  20/35      EV: 14    Int: 26    God:    Sif Muna [*****.]
Gold:   1203       SH:  0    Dex:  9    Spells: 8/30 levels left

rFire   . . .      SeeInvis .   J - staff of conjuration
rCold   + . .      Faith    .   (no shield)
rNeg    . . .      Spirit   .   (armour unavailable)
rPois   .          Reflect  .   (helmet restricted)
rElec   .          Harm     .   k - +2 cloak
rCorr   +          Rampage  .   M - +0 pair of gloves of Twilight {rC+ Int+3}
Will    +....                   r - +0 pair of boots
Stlth   ++........              e - amulet of the acrobat
HPRegen 0.27/turn               a - ring of magical power
MPRegen 0.24/turn               m - ring of resist corrosion

@: studying Unarmed Combat
A: breathe power, AC +8, unfitting armour, cold-blooded
a: Breathe Dispelling Energy, Renounce Religion, Channel Magic, Forget Spell,
Divine Exegesis


You were on level 5 of the Lair of Beasts.
You worshipped Sif Muna.
Sif Muna was extremely pleased with you.
You visited 3 branches of the dungeon, and saw 17 of its levels.
You also visited: Sewer and Volcano.

You collected 1203 gold pieces.

Inventory:

Hand Weapons
 n - a +0 short sword of venom
 p - a +3 spear
 s - the +9 mace of Ocedd {spect, rPois rF+}
   (You found it on level 3 of the Dungeon)

   When its wielder attacks, the weapon's spirit leaps out and strikes again.
   The spirit shares a part of any damage it takes with its wielder.
   rF:        It protects you from fire.
   rPois:     It protects you from poison.
Missiles
 g - 4 throwing nets
Armour
 k - a +2 cloak (worn)
 r - a +0 pair of boots (worn)
 A - a +0 pair of gloves
 M - the +0 pair of gloves of Twilight (worn) {rC+ Int+3}
   (You found it in a volcano)

   Int:       It affects your intelligence (+3).
   rC:        It protects you from cold.
Magical Staves
 J - a staff of conjuration (weapon)
Jewellery
 a - a ring of magical power (left hand)
 e - an amulet of the acrobat (around neck)
 m - a ring of resist corrosion (right hand)
 K - a ring of fire
Wands
 c - a wand of mindburst (30)
 v - a wand of iceblast (13)
 x - a wand of digging (2)
 y - a wand of flame (37)
 F - a wand of paralysis (5)
Scrolls
 d - 6 scrolls of enchant armour
 h - 3 scrolls of fog
 l - 3 scrolls of teleportation
 w - 3 scrolls of fear
 B - 3 scrolls of blinking
 D - 2 scrolls of vulnerability
 L - a scroll of brand weapon
 O - a scroll of identify
Potions
 b - 2 potions of mutation
 f - 2 potions of heal wounds
 i - a potion of resistance
 j - 7 potions of curing
 o - 2 potions of berserk rage
 q - 2 potions of ambrosia
 t - 3 potions of invisibility
 u - 2 potions of might
 z - a potion of haste
 C - a potion of brilliance
 E - a potion of cancellation
 G - a potion of lignification
 H - 3 potions of attraction
 I - a potion of flight
 N - a potion of magic


   Skills:
 - Level 8.0 Fighting
 - Level 4.0 Maces & Flails
 + Level 8.3 Dodging
 - Level 1.7 Stealth
 + Level 6.4 Unarmed Combat
 - Level 9.0 Spellcasting
 + Level 11.0 Conjurations
 + Level 8.9 Hexes
 + Level 2.6 Summonings
 - Level 9.0 Translocations
 + Level 8.1 Fire Magic
 + Level 2.5 Air Magic
 - Level 9.0 Invocations


You had 8 spell levels left.
You knew the following spells:

 Your Spells              Type           Power      Damage    Failure   Level
a - Magic Dart            Conj           100%       1d8       1%          1
b - Searing Ray           Conj           100%       2d8       1%          2
c - Iskenderun's Mystic   Conj/Tloc      77%        2d15      1%          4
d - Inner Flame           Hex/Fire       54%        N/A       1%          3
e - Fulminant Prism       Conj/Hex       38%        3d18      1%          4
f - Passage of Golubria   Tloc           55%        N/A       1%          4
g - Summon Lightning Spi  Summ/Air       25%        N/A       17%         4

Your spell library contained the following spells:

 Spells                   Type           Power      Damage    Failure   Level
 Foxfire                  Conj/Fire      100%       2x1d9     1%          1
 Slow                     Hex            100%       N/A       1%          1
 Summon Small Mammal      Summ           100%       N/A       1%          1
 Confusing Touch          Hex            55%        N/A       1%          3
 Conjure Flame            Conj/Fire      75%        6-21      1%          3
 Dazzling Flash           Conj/Hex       100%       N/A       1%          3
 Gell's Gravitas          Tloc           55%        N/A       1%          3
 Stone Arrow              Conj/Erth      100%       3d13      1%          3
 Summon Guardian Golem    Hex/Summ       41%        N/A       1%          3
 Teleport Other           Tloc           55%        N/A       1%          3
 Tukima's Dance           Hex            55%        N/A       1%          3
 Cause Fear               Hex            27%        N/A       1%          4
 Flame Wave               Conj/Fire      75%        2d13      1%          4
 Sticky Flame             Conj/Fire      75%        2d9       1%          4
 Call Imp                 Summ           25%        N/A       2%          2
 Mephitic Cloud           Conj/Pois/Air  52%        N/A       2%          3
 Beastly Appendage        Tmut           22%        N/A       4%          1
 Sandblast                Erth           22%        2d7       4%          1
 Ignite Poison            Fire/Tmut/Pois 25%        N/A       4%          3
 Call Canine Familiar     Summ           25%        N/A       5%          3
 Passwall                 Tmut/Erth      9%         N/A       8%          2
 Wereblood                Tmut           11%        N/A       8%          2
 Silence                  Hex/Air        20%        N/A       13%         5
 Spider Form              Tmut/Pois      11%        N/A       16%         3
 Vampiric Draining        Necr           11%        2d6       16%         3
 Dispersal                Tloc           27%        N/A       19%         6
 Yara's Violent Unravell  Hex/Tmut       17%        3d8       22%         5
 Lee's Rapid Deconstruct  Erth           5%         3d7*      80%         5
 Storm Form               Tmut/Air       9%         N/A       100%        7
 Discord                  Hex            27%        N/A       100%        8
 Lehudib's Crystal Spear  Conj/Erth      28%        10d8      100%        8
 Maxwell's Capacitive Co  Air            12%        ∞         100%        8


Dungeon Overview and Level Annotations

Branches:
Dungeon (11/15)            Temple (1/1) D:5            Lair (5/6) D:11
 Shoals (0/4) Lair:2       Spider (0/4) Lair:4        Sewer (visited)
Volcano (visited)
  Slime: Lair:5-6       Orc: D:9-12

Altars:
Ashenzari
Cheibriados
Dithmenos
Elyvilon
Fedhas
Gozag
Hepliaklqana
Kikubaaqudgha
Makhleb
Nemelex Xobeh
Okawaru
Qazlal
Ru
Sif Muna
Trog
Uskayaw
Vehumet
Wu Jian
Xom
Yredelemnul
Zin
The Shining One
Lugonu

Shops:
D:6 ?   D:7 (

Annotations:
D:3 1 runed translucent door
D:10 3 runed translucent doors, infinitevox's ghost, novice DsWz
Lair:5 Nessos


Innate Abilities, Weirdness & Mutations

You can breathe bolts of dispelling energy.
Your rich purple scales are hard. (AC +8)
You cannot fit into any form of body armour.
You are cold-blooded and may be slowed by cold attacks.


Message History

Nessos mumbles some strange words.
Nessos blinks!
Your lightning spire shoots out a bolt of lightning at Nessos!
The bolt of electricity hits Nessos.
Flame seeps out of Nessos.
Your fulminant prism crackles loudly.
You feel much better.
You feel very sick.
Nessos is engulfed in blazing flames.
Flame seeps out of Nessos.
Nessos shoots an arrow.
The arrow hits you!
* * * LOW HITPOINT WARNING * * *
The arrow burns you.
You are more poisoned.
* * * LOW HITPOINT WARNING * * *
Nessos is engulfed in blazing flames.
Flame seeps out of Nessos.
Your lightning spire shoots out a bolt of lightning at Nessos!
The bolt of electricity hits Nessos!
Flame seeps out of Nessos.
Your fulminant prism explodes!
You hear a loud, deep croak!
Casting: Fulminant Prism (mildly dangerous; 1% risk of failure)
Confirm with . or Enter, or press ? or * to list all spells.
You feel a surge of power! Really blast near your lightning spire?
Okay, then.
Unknown command.
Casting: Iskenderun's Mystic Blast (mildly dangerous; 1% risk of failure)
Confirm with . or Enter, or press ? or * to list all spells.
You feel a surge of power! Really blast near your lightning spire?
You erupt in a blast of force!
The mystic blast hits your lightning spire but does no damage.
The mystic blast hits Nessos!
Flame seeps out of Nessos.
Nessos is heavily wounded.
Nessos is knocked back by the mystic blast.
* * * LOW HITPOINT WARNING * * *
You feel very sick.
Nessos shoots an arrow.
The arrow barely misses you.
Unknown command.
Unknown command.
You feel better.
Nessos shoots an arrow.
The arrow hits you!!
You die...

..# .... ...# P.....P# #..##
#...#).##### #P..###
#...#....?# #P..#.###
#........# ........#
##...P..}.##
........####...8......#
.......P..............##...
...........#....@°.c........
........##..................
........####............#P..
.P.##..## ##..##...#P### .#
.##.#..### #..####.### #
####...#.# #..## ###
##.#..#.###..<#
.##...##.###...
#.....#####..##


You could see Nessos (fast, inner flame, ally target) and a friendly lightning
spire (summoned).

Vanquished Creatures
  Josephine (D:10)
  6 hydras
  A catoblepas (Lair:5)
  A boulder beetle (D:9)
  3 two-headed ogres
  5 death yaks
  Urug (D:10)
  Nergalle (D:10)
  Pikel (D:4)
  3 ugly things
  An oklob plant (Lair:1)
  An orc sorcerer (Volcano)
  12 elephants
  2 molten gargoyles (Volcano)
  A smoke demon (Volcano)
  3 black mambas
  2 torpor snails (Lair:4)
  Psyche (D:9)
  5 cane toads
  5 komodo dragons
  3 kobold demonologists (D:11)
  The ghost of GilGalad the Chucker, an amateur OgHu (D:4)
  A red devil (Volcano)
  2 polar bears
  A troll (D:11)
  Grinder (D:3)
  A hornet (D:10)
  6 dream sheep (Lair:4)
  14 blink frogs
  2 shadows
  A vampire (D:11)
  6 wraiths (D:10)
  2 wyverns
  Eustachio (D:4)
  10 yaks
  4 basilisks
  5 fire bats (Volcano)
  Grum (D:6)
  Edmund (D:6)
  16 water moccasins
  A hell hound (Volcano)
  Pargi (Sewer)
  2 orc warriors
  3 black bears
  A sky beast (D:6)
  A necrophage (D:8)
  18 wolves
  3 ogres
  6 centaurs
  A phantom (D:5)
  A kobold brigand (D:8)
  A lemure (D:4)
  11 bullfrogs
  3 gnoll sergeants
  A scorpion (D:6)
  A water moccasin skeleton (D:4)
  10 wights
  7 killer bees
  A howler monkey (D:8)
  10 electric eels
  4 crimson imps (D:5)
  6 lava snakes (Volcano)
  A bullfrog zombie (D:5)
  2 centaur zombies
  3 orc priests
  2 centaur skeletons
  8 hounds
  3 jellies
  Crazy Yiuf (D:3)
  A gnoll shaman (D:6)
  2 bullfrog skeletons (D:6)
  3 iguanas
  10 orc wizards
  A hound skeleton (D:4)
  Robin (D:4)
  23 gnolls
  9 adders
  2 white imps
  2 ufetubi
  A worm (D:5)
  3 dart slugs
  27 orcs
  8 bats
  10 endoplasms
  5 giant cockroaches
  16 goblins
  12 hobgoblins
  14 jackals
  3 quokkas
  2 ball pythons
  5 frilled lizards
  20 kobolds
  5 rats
  3 fulminant prisms
436 creatures vanquished.

Vanquished Creatures (collateral kills)
  A goblin (D:4)
  A hobgoblin (D:4)
2 creatures vanquished.

Vanquished Creatures (others)
  55 fulminant prisms
  35 fungi
  95 plants
185 creatures vanquished.

Grand Total: 623 creatures vanquished

Notes
Turn   | Place    | Note
-------+----------+-------------------------------------------
     0 | D:1      | pkoi the Draconian Conjurer began the quest for the Orb.
     0 | D:1      | Reached XP level 1. HP: 14/14 MP: 3/3
   168 | D:1      | Reached XP level 2. HP: 20/20 MP: 5/5
   241 | D:1      | Learned a level 2 spell: Searing Ray
   818 | D:1      | Reached skill level 5 in Conjurations
   819 | D:1      | Reached XP level 3. HP: 26/26 MP: 6/6
  1864 | D:2      | Found a faded altar of an unknown god.
  2029 | D:2      | Reached XP level 4. HP: 32/33 MP: 7/7
  2314 | D:2      | Learned a level 4 spell: Iskenderun's Mystic Blast
  2927 | D:3      | Reached skill level 1 in Translocations
  2934 | D:3      | Reached XP level 5. HP: 26/38 MP: 8/8
  3209 | D:3      | Reached skill level 6 in Conjurations
  3248 | D:3      | Found a runed translucent door.
  3249 | D:3      | Noticed Crazy Yiuf
  3437 | D:3      | Found a runed translucent door.
  3437 | D:3      | Noticed a human
  3439 | D:3      | Noticed Grinder
  3589 | D:3      | Killed Crazy Yiuf
  3599 | D:3      | Identified the +9 mace of Ocedd {spect, rPois rF+}
  3862 | D:3      | Paralysed by Grinder for 5 turns
  3870 | D:3      | Killed Grinder
  3871 | D:3      | Reached skill level 1 in Fighting
  3871 | D:3      | Reached skill level 1 in Maces & Flails
  3871 | D:3      | Reached XP level 6. HP: 43/47 MP: 10/10
  3976 | D:3      | Found a basalt altar of Yredelemnul.
  4003 | D:4      | Noticed Eustachio
  4003 | D:4      | Noticed Robin
  4042 | D:4      | Killed Robin
  4052 | D:4      | Killed Eustachio
  4053 | D:4      | Your scales start taking on a rich purple colour.
  4053 | D:4      | Reached XP level 7. HP: 38/52 MP: 12/12
  4477 | D:4      | Found an ancient bone altar of Kikubaaqudgha.
  4478 | D:4      | Found an opulent altar of Gozag.
  4479 | D:4      | Found a shimmering blue altar of Sif Muna.
  4480 | D:4      | Found a sparkling altar of Nemelex Xobeh.
  4486 | D:4      | Became a worshipper of Sif Muna the Loreminder
  4677 | D:4      | Found a hide-covered altar of Uskayaw.
  4862 | D:4      | Found a glowing golden altar of the Shining One.
  4940 | D:4      | Found a runed translucent gate.
  4941 | D:4      | Found a runed translucent gate.
  4942 | D:4      | Found a runed translucent gate.
  4942 | D:4      | Noticed Pikel
  4945 | D:4      | Noticed GilGalad's ghost (amateur OgHu)
  4967 | D:4      | Killed Pikel
  4968 | D:4      | Reached skill level 7 in Conjurations
  4968 | D:4      | Reached skill level 1 in Invocations
  4968 | D:4      | Reached XP level 8. HP: 12/62 MP: 6/14
  5285 | D:4      | Learned a level 3 spell: Inner Flame
  5666 | D:5      | Entered Level 5 of the Dungeon
  5678 | D:5      | Found a staircase to the Ecumenical Temple.
  5683 | Temple   | Entered the Ecumenical Temple
  5690 | D:5      | Reached skill level 5 in Fighting
  5690 | D:5      | Reached skill level 5 in Dodging
  5690 | D:5      | Reached skill level 8 in Conjurations
  5690 | D:5      | Reached skill level 5 in Invocations
  5690 | D:5      | Reached XP level 9. HP: 74/74 MP: 18/18
  5798 | D:5      | Found a glowing drain.
  5819 | Sewer    | Entered a sewer
  5938 | Sewer    | Noticed Pargi
  5944 | Sewer    | Killed Pargi
  6057 | D:5      | Found a shimmering altar of Xom.
  6106 | D:5      | Reached * piety under Sif Muna
  6805 | D:5      | Learned a level 4 spell: Fulminant Prism
  8143 | D:6      | Noticed Edmund
  8401 | D:6      | Killed Edmund
  8487 | D:6      | Reached XP level 10. HP: 72/83 MP: 2/19
  8738 | D:6      | Reached ** piety under Sif Muna
  9545 | D:6      | Found Meq Xoor's Magic Scroll Shoppe.
 10157 | D:6      | Noticed Grum
 10161 | D:6      | Killed Grum
 10162 | D:6      | Reached skill level 5 in Hexes
 11006 | D:7      | Found an iron altar of Okawaru.
 11212 | D:7      | Noticed a two-headed ogre
 11235 | D:7      | Killed a two-headed ogre
 11443 | D:7      | Found Gaumuix's Weapon Shop.
 11729 | D:8      | Reached skill level 9 in Conjurations
 11828 | D:8      | Reached *** piety under Sif Muna
 13458 | D:4      | Killed GilGalad's ghost
 13459 | D:4      | Reached skill level 5 in Fire Magic
 13713 | D:9      | Noticed Psyche
 13717 | D:9      | Killed Psyche
 13718 | D:9      | Reached XP level 11. HP: 91/91 MP: 16/21
 14785 | D:9      | Noticed a boulder beetle
 14806 | D:9      | Killed a boulder beetle
 15530 | D:10     | Entered Level 10 of the Dungeon
 15565 | D:10     | Found a shadowy altar of Dithmenos.
 15593 | D:10     | Noticed Josephine
 15612 | D:10     | Killed Josephine
 16172 | D:10     | Identified the +1 shortbow "Zauguj" {speed, Drain rPois
                  | rCorr SInv}
 16205 | D:10     | Noticed a two-headed ogre
 16215 | D:10     | Killed a two-headed ogre
 16256 | D:10     | Noticed a two-headed ogre
 16264 | D:10     | Killed a two-headed ogre
 16471 | D:10     | Found a runed translucent gate.
 16472 | D:10     | Found a runed translucent gate.
 16473 | D:10     | Found a runed translucent gate.
 17077 | D:10     | Noticed infinitevox's ghost (novice DsWz)
 17077 | D:10     | Noticed Nergalle
 17105 | D:10     | Killed Nergalle
 17124 | D:10     | Noticed Urug
 17493 | D:10     | Killed Urug
 18275 | D:11     | Found a corrupted altar of Lugonu.
 18718 | D:11     | Noticed a six-headed hydra
 18726 | D:11     | Killed a six-headed hydra
 18727 | D:11     | Reached XP level 12. HP: 80/100 MP: 15/24
 19996 | D:11     | Found a staircase to the Lair.
 20064 | D:11     | Noticed a six-headed hydra
 20073 | D:11     | Killed a six-headed hydra
 20533 | Lair:1   | Entered Level 1 of the Lair of Beasts
 21782 | Lair:1   | Reached skill level 10 in Conjurations
 22466 | Lair:2   | Found a staircase to the Shoals.
 22704 | Lair:2   | Reached skill level 1 in Unarmed Combat
 22706 | Lair:2   | Noticed a six-headed hydra
 22714 | Lair:2   | Killed a six-headed hydra
 23266 | Lair:2   | Learned a level 4 spell: Passage of Golubria
 23827 | Lair:3   | Noticed an eight-headed hydra
 23838 | Lair:3   | Killed an eight-headed hydra
 24430 | Lair:3   | Reached **** piety under Sif Muna
 24736 | Lair:3   | Reached XP level 13. HP: 81/107 MP: 15/26
 27834 | Lair:4   | Reached skill level 5 in Unarmed Combat
 28040 | Lair:4   | Learned a level 4 spell: Summon Lightning Spire
 28799 | Lair:4   | Reached skill level 1 in Summonings
 28964 | Lair:4   | Found a hole to the Spider Nest.
 29463 | Lair:5   | Reached skill level 1 in Air Magic
 29831 | Lair:5   | Found a dark tunnel.
 29845 | Volcano  | Entered a volcano
 30485 | Volcano  | Found a burning altar of Makhleb.
 30721 | Volcano  | Identified the +0 pair of gloves of Twilight {rC+ Int+3}
 30799 | Lair:5   | Reached ***** piety under Sif Muna
 30800 | Lair:5   | Reached skill level 11 in Conjurations
 31221 | Lair:5   | Received a gift from Sif Muna
 31740 | Lair:5   | Noticed Nessos
 31748 | Lair:5   | Shot with an arrow by Nessos

Illustrated notes

Levels and vault maps discovered:
D:1:      nicolae_arrival_memento_mori, layout_loops_ring
D:2:      layout_basic, hellmonk_ecumenical_altar_pennies_from_heaven,
          st_stairs_8
D:3:      layout_rooms, dk_yredelemnul_ordeal, uniq_crazy_yiuf_cottage,
          uniq_grinder
D:4:      layout_loops_ring, nicolae_tso_swordbearing_angel,
          mainiacjoe_overflow_alcove_3,
          nicolae_uskayaw_murder_on_the_dancefloor, gammafunk_ghost_split,
          corexii_checkpoint_b, nicolae_figureground_pulse, uniq_eustachio,
          uniq_robin, uniq_pikel
D:5:      cheibrodos_two_vegetables, layout_loops_ring, led_xom_imps,
          minmay_temple_entry_proselytizer, cheibrodos_sewer_entry_drain
D:6:      layout_cave_pools, serial_gnoll_camp, gnoll_camp_mini_hut,
          gnoll_camp_mini_doghouse, gnoll_camp_mini_shop, grums_kennel,
          gnoll_camp_medium_02, minmay_manual_monstrance, uniq_edmund
D:7:      layout_cave_pools, mainiacjoe_overflow_tiny_flanked, serial_shops,
          nicolae_shop_bloodbath_and_beyond, serial_bayou_ford_a
D:8:      layout_loops_cross
D:9:      layout_loops_corners, statue_in_the_mist_lemuel, uniq_psyche
D:10:     layout_irregular_city, mainiacjoe_overflow_small_starburst,
          gammafunk_ghost_icy, uniq_urug, uniq_josephine, uniq_nergalle
D:11:     kennysheep_kobold_lugonu_temple, layout_basic, minmay_lair_entry_grove
Temple:   minmay_temple_forest_path
Lair:1:   layout_chaotic_city, minmay_lair_oklob_bushes, grunt_megastairs_1,
          serial_bayou_shore_b, serial_bayou_shore_a, infiniplex_staircase_pool
Lair:2:   layout_regular_city, elwin_shoals_entry_rocks, serial_bayou_shore_b
Lair:3:   layout_small_grid, beast_lair_carwin_8
Lair:4:   layout_loops_ring, dummy_spider_entry, grunt_megastairs_5
Lair:5:   layout_roguey, minmay_slime_entry_oklob_enclosed,
          nicolae_volcano_entry_lava_flow, nicolae_lair_yak_garden, uniq_nessos

Skill      XL: |  1  2  3  4  5  6  7  8  9 10 11 12 13 |
---------------+----------------------------------------+-----
Conjurations   | 5 6 7 8 9 10 11 | 11.0
Translocations | 1 2 3 4 6 7 8 9 |  9.0
Fighting       | 1 2 5 6 7 8 |  8.0
Maces & Flails | 1 2 3 4 |  4.0
Dodging        | 2 3 5 6 7 8 |  8.3
Spellcasting   | 3 4 6 7 8 9 |  9.0
Invocations    | 1 5 6 7 8 9 |  9.0
Hexes          | 4 5 6 7 8 |  8.9
Fire Magic     | 3 4 5 6 7 8 |  8.1
Unarmed Combat | 3 6 |  6.4
Summonings     | 2 |  2.6
Air Magic      | 2 |  2.5
Stealth        | |  1.7

Action                   |  1- 3 |  4- 6 |  7- 9 | 10-12 | 13-15 || total
-------------------------+-------+-------+-------+-------+-------++-------
Melee: Hand axe          |     9 |       |       |       |       ||     9
       Tailslap          |     1 |     2 |     8 |    12 |     2 ||    25
       Mace              |       |    22 |    52 |    67 |    18 ||   159
       Punch             |       |       |       |     2 |     1 ||     3
       Staff             |       |       |       |       |     1 ||     1
 Cast: Magic Dart        |    93 |    52 |   100 |   331 |   116 ||   692
       Searing Ray       |     1 |     4 |     5 |       |       ||    10
       Iskenderun's Myst |       |       |    12 |   136 |    91 ||   239
       Inner Flame       |       |       |    10 |    74 |    49 ||   133
       Fulminant Prism   |       |       |     1 |    42 |    15 ||    58
       Summon Lightning  |       |       |       |       |     1 ||     1
Invok: Channel Magic     |       |       |       |     4 |     1 ||     5
 Abil: Breathe Dispellin |       |       |     1 |     1 |       ||     2
  Use: Scroll            |     2 |     5 |     7 |     7 |     4 ||    25
       Potion            |       |       |     3 |       |     3 ||     6
 Stab: Sleeping          |       |       |     5 |     1 |       ||     6
       Distracted        |       |       |       |       |     1 ||     1
Armor: Skin              |     4 |    17 |    42 |    65 |    31 ||   159
Dodge: Dodged            |     7 |    33 |    63 |   140 |    87 ||   330
